 Dungeon Crawl Stone Soup version 0.32-a0-411-g744942f433 (webtiles) character file.

Game seed: 9998025679825169846

1561 hikkokomori the Firebug (level 8, -1/68 HPs)
             Began as a Mountain Dwarf Cinder Acolyte on Feb 20, 2024.
             Was an Elder of Ignis.
             Slain by a gnoll
             ... wielding the +7 staff of the Meek {protect, meekguard}
             ... led by a gnoll bouda
              (12 damage)
             ... on level 6 of the Dungeon.
             The game lasted 00:10:23 (5384 turns).

hikkokomori the Firebug (MDCA)                      Turns: 5384, Time: 00:10:24

Health: -1/68      AC: 14    Str: 17    XL:     8   Next: 58%
Magic:  2/12       EV: 11    Int: 17    God:    Ignis [****..]
Gold:   255        SH:  0    Dex:  5    Spells: 3/13 levels left

rFire   + . .        a - -1 hand axe (flame)
rCold   + . .        (no shield)
rNeg    . . .        j - +0 leather armour
rPois   +            u - +0 helmet
rElec   .            y - +1 cloak {rPois}
rCorr   +            o - +0 pair of gloves
SInv    .            (no boots)
Will    .....        (no amulet)
Stlth   +            n - ring of protection from cold
HPRegen 0.31/turn    p - ring of resist corrosion
MPRegen 0.13/turn

%: no passive effects
@: fiery-armoured
A: runic magic, artefact enchanting
a: Renounce Religion, Fiery Armour, Foxfire Swarm, Rising Flame


You were on level 6 of the Dungeon.
You worshipped Ignis.
Ignis was greatly pleased with you.
You visited 1 branch of the dungeon, and saw 6 of its levels.

You collected 255 gold pieces.

Inventory:

Hand Weapons
 a - a -1 hand axe of flaming (weapon)
 v - a +0 dagger of protection
 G - a +0 broad axe
Missiles
 d - 14 poisoned darts
 D - 3 atropa-tipped darts
 H - a throwing net
Armour
 b - a +0 robe
 j - a +0 leather armour (worn)
 o - a +0 pair of gloves (worn)
 u - a +0 helmet (worn)
 y - a +1 cloak of poison resistance (worn)
Jewellery
 n - a ring of protection from cold (left hand)
 p - a ring of resist corrosion (right hand)
 C - an amulet of regeneration
Talismans
 m - a beast talisman
Wands
 x - a wand of flame (15)
Scrolls
 c - 2 scrolls of fog
 g - a scroll of amnesia {unknown}
 h - a scroll of fear {unknown}
 i - 2 scrolls of poison {unknown}
 q - 2 scrolls of blinking {unknown}
 r - 3 scrolls of identify {unknown}
 s - 2 scrolls of vulnerability {unknown}
 t - 2 scrolls of teleportation {unknown}
 A - 2 scrolls of noise {unknown}
 B - a scroll of enchant armour {unknown}
Potions
 e - 2 potions of ambrosia {unknown}
 f - a potion of degeneration {unknown}
 k - 5 potions of heal wounds {unknown}
 l - a potion of haste {unknown}
 w - 2 potions of attraction {unknown}
 z - 2 potions of cancellation {unknown}
 E - a potion of lignification {unknown}
 F - 2 potions of curing {unknown}


   Skills:
 - Level 5.0 Fighting
 - Level 7.0 Axes
 - Level 2.0 Armour
 - Level 3.0 Spellcasting
 - Level 3.0 Conjurations
 - Level 2.0 Translocations
 + Level 7.3 Fire Magic
 - Level 3.0 Alchemy


You had 3 spell levels left.
You knew the following spells:

 Your Spells              Type           Power      Damage    Failure   Level
a - Scorch                Fire           54%        2d7       1%          2
b - Volatile Blastmotes   Fire/Tloc      36%        2d13      9%          3
c - Irradiate             Conj/Alch      6%         3d13      82%         5

Your spell library contained the following spells:

 Spells                   Type           Power      Damage    Failure   Level
 Inner Flame              Hex/Fire       14%        N/A       12%         3
 Fulminant Prism          Conj/Alch      6%         3d7       45%         4
 Iskenderun's Mystic Bla  Conj/Tloc      11%        2d4       54%         4
 Ignition                 Fire           13%        3d6       100%        8


Dungeon Overview and Level Annotations

Branches:
Dungeon (6/15)             Temple (0/1) D:4

Altars:
Okawaru


Innate Abilities, Weirdness & Mutations

Your spellcasting is much less encumbered by armour.
You can use scrolls of enchantment on lesser artefacts.


Message History

Reactivating autopickup.
Okay, then.
A protective cloak of flame settles atop you.
The sky beast barely misses you.
The sky beast attacks as it pursues you!
The sky beast misses you.
A wight comes into view. It is wielding a +0 spear.
Activating: Foxfire Swarm
Press: ? - help, Dir - look around, f - activate Flames leap up around you!
The sky beast flickers out of sight!
Deactivating autopickup; reactivate with Ctrl-A.
Something hits you but does no damage.
Unknown command.
Your foxfire dissipates!
The foxfire hits something but does no damage.
The foxfire hits something.
The foxfire hits something but does no damage. x2
A wight comes into view. It is wielding a +0 falchion.
The foxfire hits the wight!
The wight is moderately damaged.
Unknown command.
Unknown command.
Casting: Scorch (safe; 1% risk of failure)
Confirm with . or Enter, or press ? or * to list all spells.
You don't have enough magic to cast this spell.
Unknown command.
An orc wizard comes into view. It is wielding a +0 dagger.
Something hits you but does no damage.
Reactivating autopickup.
You feel a bit more experienced.
Your Fire Magic skill increases to level 7!
The wight hits you but does no damage.
The wight is burned by your cloak of flames.
The wight is heavily damaged.
The wight hits you but does no damage.
You hit the gnoll but do no damage. You hit the wight. You burn the wight.
The wight barely misses you. x2
The gnoll hits you with the +7 staff of the Meek {protect, meekguard}!
You die...
Ignis goes out, and joins you in death.

... ##.## ###
#... ..### #
#..####... ..
#.†#.##..##.
#.<........
#.##.##oz##
#§#####§z#####.#
#§§§§§§§g@.....#
################


You could see 2 wights, an orc wizard and a gnoll.

Vanquished Creatures
  Grinder (D:3)
  An ogre (D:6)
  A sky beast (D:6)
  A black bear (D:4)
  5 scorpions
  A howler monkey (D:6)
  4 bombardier beetles
  4 hounds
  2 jellies (D:4)
  Crazy Yiuf (D:3)
  Jessica (D:3)
  An iguana (D:6)
  Robin (D:3)
  4 gnolls (D:5)
  7 adders
  A white imp (D:5)
  6 ufetubi
  3 dart slugs
  2 ribbon worms
  10 orcs
  16 ball pythons
  9 endoplasms
  2 giant cockroaches
  15 goblins
  9 hobgoblins
  8 jackals
  9 kobolds
  3 quokkas
  6 bats
  6 frilled lizards
  4 rats
144 creatures vanquished.

Vanquished Creatures (others)
  5 foxfires (D:6)
5 creatures vanquished.

Grand Total: 149 creatures vanquished

Notes
Turn   | Place    | Note
-------+----------+-------------------------------------------
     0 | D:1      | hikkokomori the Mountain Dwarf Cinder Acolyte began the
                  | quest for the Orb.
     0 | D:1      | Reached XP level 1. HP: 19/19 MP: 2/2
    83 | D:1      | Reached XP level 2. HP: 11/26 MP: 3/3
   461 | D:1      | Learned a level 2 spell: Scorch
   479 | D:1      | Reached XP level 3. HP: 27/33 MP: 4/4
   935 | D:2      | Reached XP level 4. HP: 40/40 MP: 3/6
  1120 | D:2      | Noticed a scorpion
  1136 | D:2      | Killed a scorpion
  1137 | D:2      | Reached skill level 5 in Axes
  1137 | D:2      | Reached XP level 5. HP: 13/46 MP: 2/8
  1964 | D:3      | Learned a level 3 spell: Volatile Blastmotes
  2060 | D:3      | Found a faded altar of an unknown god.
  2197 | D:3      | Noticed Robin
  2219 | D:3      | Reached skill level 1 in Translocations
  2229 | D:3      | Killed Robin
  2270 | D:3      | Reached XP level 6. HP: 14/52 MP: 1/9
  2645 | D:3      | Noticed Jessica
  2648 | D:3      | Killed Jessica
  2736 | D:3      | Found a runed translucent door.
  2737 | D:3      | Noticed Crazy Yiuf
  2845 | D:3      | Noticed Grinder
  2853 | D:3      | Paralysed by Grinder for 3 turns
  2862 | D:3      | Paralysed by Grinder for 3 turns
  2865 | D:3      | Killed Grinder
  2866 | D:3      | Reached skill level 5 in Fire Magic
  2866 | D:3      | Reached XP level 7. HP: 16/59 MP: 0/10
  3225 | D:3      | Killed Crazy Yiuf
  3315 | D:4      | Reached skill level 1 in Armour
  3529 | D:4      | Found a staircase to the Ecumenical Temple.
  3732 | D:4      | Reached skill level 5 in Fighting
  3739 | D:4      | Learned a level 5 spell: Irradiate
  3884 | D:4      | Reached skill level 1 in Conjurations
  4035 | D:4      | Found an iron altar of Okawaru.
  4159 | D:4      | Reached skill level 1 in Alchemy
  4512 | D:5      | Entered Level 5 of the Dungeon
  4529 | D:5      | Reached XP level 8. HP: 63/68 MP: 3/12
  5384 | D:6      | Slain by a gnoll

Illustrated notes

Levels and vault maps discovered:
D:1:      psy_arrival_radial01, layout_rooms
D:2:      layout_basic, minmay_tetromino_i4
D:3:      layout_loops_ring, ebering_ecumenical_altar_ruins, minivault_23,
          uniq_jessica, uniq_robin, uniq_grinder, uniq_crazy_yiuf_cottage
D:4:      layout_cave_pools, okawaru_gym_becter,
          minmay_temple_entry_drinking_statues, minmay_starry_boxes
D:5:      layout_cave_pools, grunt_ministairs_15, nicolae_letterblocks
          [nicolae_letter_subblock, nicolae_letter_subblock,
          nicolae_letter_subblock, nicolae_letter_subblock,
          nicolae_letter_subblock, nicolae_letter_subblock,
          nicolae_letter_subblock, nicolae_letter_subblock,
          nicolae_letter_subblock, nicolae_letter_subblock,
          nicolae_letter_subblock, nicolae_letter_subblock,
          nicolae_letter_subblock, nicolae_letter_subblock,
          nicolae_letter_subblock, nicolae_letter_subblock,
          nicolae_letter_subblock, nicolae_letter_subblock,
          nicolae_letter_subblock, nicolae_letter_subblock,
          nicolae_letter_subblock, nicolae_letter_subblock,
          nicolae_letter_subblock, nicolae_letter_subblock,
          nicolae_letter_subblock]
D:6:      layout_loops_cross, gammafunk_temple_overflow_wave

Skill      XL: |  1  2  3  4  5  6  7  8 |
---------------+-------------------------+-----
Axes           | 4 5 6 7 |  7.0
Fire Magic     | 4 5 6 7 |  7.3
Fighting       | 4 5 |  5.0
Spellcasting   | 2 3 |  3.0
Translocations | 2 |  2.0
Armour         | 2 |  2.0
Conjurations   | 1 3 |  3.0
Alchemy        | 1 3 |  3.0

Action                     |  1- 3 |  4- 6 |  7- 9 || total
---------------------------+-------+-------+-------++-------
  Melee: Hand axe          |    78 |    75 |   116 ||   269
         Dagger            |       |     1 |       ||     1
  Throw: Dart              |     2 |     1 |       ||     3
   Cast: Scorch            |     7 |    41 |    68 ||   116
         Volatile Blastmot |       |       |     2 ||     2
 Invoke: Fiery Armour      |       |       |     2 ||     2
         Foxfire Swarm     |       |       |     1 ||     1
  Evoke: Wand              |       |     1 |       ||     1
    Use: Scroll            |       |       |     1 ||     1
 Armour: Robe              |    18 |       |       ||    18
         Leather armour    |    47 |    70 |   150 ||   267
  Dodge: Dodged            |    60 |    52 |   128 ||   240

Table legend: (Time is in decaauts)
 A = Elapsed time spent in this place.
 B = Non-inter-level travel time spent in this place.
 C = Inter-level travel time spent in this place.
 D = Time resting spent in this place.
 E = Time spent auto-exploring this place.
 F = Levels seen in this place.
 G = Mean time per level.
                   A        B        C        D        E       F      G
               +--------+--------+--------+--------+--------+-----+--------+
         Total |   5382 |   5302 |     80 |      0 |   4410 |   6 |  897.0 |
       Dungeon |   5382 |   5302 |     80 |      0 |   4410 |   6 |  897.0 |
               +--------+--------+--------+--------+--------+-----+--------+

Top non-repeatable levels by time:
     D:3: 1388 daAuts
     D:2: 1292 daAuts
     D:4: 1199 daAuts
     D:5: 815 daAuts
     D:1: 633 daAuts
     D:6: 53 daAuts
